 Dungeon Crawl Stone Soup version 0.27-a0-334-g52645efa06 (webtiles) character file.

Game seed: 11058243693099457476

1 Shayle the Grave Robber (level 1, 0/14 HPs)
             Began as a Palentonga Necromancer on Feb 13, 2021.
             Slain by a leopard gecko (2 damage)
             ... on level 1 of the Dungeon.
             The game lasted 00:00:30 (22 turns).

Shayle the Grave Robber (Palentonga Necromancer)      Turns: 22, Time: 00:00:30

Health: 0/14       AC:  4    Str: 11    XL:     1   Next: 16%
Magic:  0/3        EV: 10    Int: 15    God:
Gold:   0          SH:  0    Dex: 10    Spells: 3/4 levels left

rFire    . . .     SeeInvis +   (no weapon)
rCold    . . .     Faith    .   (no shield)
rNeg     . . .     Spirit   .   a - +0 robe
rPois    .         Reflect  .   (no helmet)
rElec    .         Harm     .   (no cloak)
rCorr    .         Rampage  .   (no gloves)
Will     .....                  (no barding)
Stlth    +.........             (no amulet)
HPRegen  0.04/turn              (no ring)
MPRegen  0.08/turn              (no ring)

@: no status effects
A: large, rugged brown scales 3, see invisible, deformed body, roll 1, armoured
tail
a: Rolling Charge


You were on level 1 of the Dungeon.
You visited 1 branch of the dungeon, and saw 1 of its levels.

Inventory:

Armour
 a - a +0 robe (worn)


   Skills:
 + Level 0.1 Fighting
 + Level 1.6 Dodging
 - Level 1.2 Stealth
 + Level 2.0 Spellcasting
 + Level 4.0 Necromancy


You had 3 spell levels left.
You knew the following spells:

 Your Spells              Type           Power        Failure   Level
a - Pain                  Necr           52%          4%          1

Your spell library contained the following spells:

 Spells                   Type           Power        Failure   Level
 Animate Skeleton         Necr           26%          4%          1
 Vampiric Draining        Necr           6%           13%         3
 Animate Dead             Necr           6%           38%         4
 Agony                    Necr           13%          75%         5


Dungeon Overview and Level Annotations

Branches:
Dungeon (1/15)

Altars:


Innate Abilities, Weirdness & Mutations

You are completely covered in rugged brown scales. (AC +3, +7% HP)
You have supernaturally acute eyesight. (SInv)
Armour fits poorly on your strangely shaped body.
You can roll at nearby foes to attack.
You have a long armoured tail.


Message History

Aim: a hobgoblin (heavily wounded, chance to affect: 83%)
The hobgoblin writhes in agony.
Casting: Pain (safe; 4% risk of failure)
Confirm with . or Enter, or press ? or * to list all spells.
Aiming: Pain (safe; 4% risk of failure)
Press: ? - help, Shift-Dir - straight line, f/p - hobgoblin
Aim: a hobgoblin (severely wounded, chance to affect: 83%)
The hobgoblin writhes in agony.
You kill the hobgoblin!
Roll where?
Press: ? - help, Dir - move target, f - leopard gecko
Aim: a leopard gecko You roll forward with a clatter of scales!
You miss the leopard gecko.
You hear a shout!
The leopard gecko barely misses you.
You hear an angry hiss.
You hear a shout!
You hit the leopard gecko.
Your tail-slap misses the leopard gecko.
The leopard gecko is moderately wounded.
The leopard gecko bites you.
A leopard gecko comes into view.
You miss the leopard gecko.
The leopard gecko is moderately wounded.
The leopard gecko barely misses you. x2
You hit the leopard gecko.
The leopard gecko is almost dead.
The leopard gecko bites you.
* * * LOW HITPOINT WARNING * * *
The leopard gecko closely misses you.
There is an open door here.
The leopard gecko closely misses you.
Casting: Pain (safe; 4% risk of failure)
Confirm with . or Enter, or press ? or * to list all spells.
Aiming: Pain (safe; 4% risk of failure)
Press: ? - help, Shift-Dir - straight line, f/p - leopard gecko
Aim: a leopard gecko (almost dead, chance to affect: 83%)
The leopard gecko barely resists.
The leopard gecko closely misses you. The leopard gecko bites you.
You die...

#...l.#
#.....#
#..†..#
#.....#
###.###
#..#
#####'#####
#...l.....#
#..@l.....#
#..⌠...⌠..#
#.........#
+....<....+
#.........#
#..⌠...⌠..#
#.........#
#.........#
#####+#####


You could see 2 leopard geckos.

Vanquished Creatures
  A hobgoblin (D:1)
1 creature vanquished.

Notes
Turn   | Place    | Note
-------+----------+-------------------------------------------
     0 | D:1      | Shayle the Palentonga Necromancer began the quest for the
                  | Orb.
     0 | D:1      | Reached XP level 1. HP: 14/14 MP: 3/3
    22 | D:1      | Slain by a leopard gecko

Illustrated notes

Levels and vault maps discovered:
D:1:      mushboom_english_gardens, layout_basic

Action                   || total
-------------------------++-------
Melee: Unarmed           ||     4
 Cast: Pain              ||     4
 Abil: Rolling Charge    ||     1
Dodge: Dodged            ||     6

Table legend: (Time is in decaauts)
 A = Elapsed time spent in this place.
 B = Non-inter-level travel time spent in this place.
 C = Inter-level travel time spent in this place.
 D = Time resting spent in this place.
 E = Time spent auto-exploring this place.
 F = Levels seen in this place.
 G = Mean time per level.
                   A        B        C        D        E       F      G
               +--------+--------+--------+--------+--------+-----+--------+
         Total |     22 |     22 |      0 |      0 |      5 |   1 |   22.0 |
       Dungeon |     22 |     22 |      0 |      0 |      5 |   1 |   22.0 |
               +--------+--------+--------+--------+--------+-----+--------+

Top non-repeatable levels by time:
     D:1: 22 daAuts
